 Dungeon Crawl Stone Soup version 0.23.2-30-g0e89c35649 (webtiles) character file.

Game seed: 11609826156065789765

96 Krzyffo the Slasher (level 4, -2/36 HPs)
             Began as a Demigod Warper on June 6, 2019.
             Slain by a gnoll
             ... wielding a +0 spear
              (6 damage)
             ... on level 2 of the Dungeon.
             The game lasted 00:12:54 (2780 turns).

Krzyffo the Slasher (Demigod Warper)                Turns: 2780, Time: 00:12:54

Health: -2/36      AC:  3    Str: 16    XL:     4   Next: 18%
Magic:  10/10      EV: 12    Int: 17    God:
Gold:   98         SH:  0    Dex: 15    Spells: 4/7 levels left

rFire    . . .     SeeInvis .   a - +0 falchion
rCold    . . .     Gourm    .   (no shield)
rNeg     . . .     Faith    .   b - +0 leather armour
rPois    .         Spirit   .   (no helmet)
rElec    .         Reflect  .   (no cloak)
rCorr    .         Harm     .   (no gloves)
MR       .....                  (no boots)
Stlth    ++........             (no amulet)
HPRegen  0.12/turn              i - ring of stealth
MPRegen  0.12/turn              (no ring)

@: no status effects
A: high mp 1
a: no special abilities


You were on level 2 of the Dungeon.
You were very hungry.

You visited 1 branch of the dungeon, and saw 2 of its levels.

You collected 98 gold pieces.

Inventory:

Hand Weapons
 a - a +0 falchion (weapon)
Missiles
 e - 5 tomahawks of dispersal (quivered)
Armour
 b - a +0 leather armour (worn)
 m - a +2 robe of positive energy
Jewellery
 i - a ring of stealth (left hand)
Wands
 g - a wand of enslavement (9)
Scrolls
 c - a scroll of noise {unknown}
 d - a scroll of blinking
Potions
 h - 4 potions of curing {unknown}
 j - a potion of agility {unknown}
 l - a potion of heal wounds {unknown}
Comestibles
 f - 9 rations


   Skills:
 + Level 2.2 Fighting
 + Level 3.0 Long Blades
 + Level 1.1 Throwing
 + Level 1.3 Armour
 + Level 2.0 Dodging
 + Level 0.7 Stealth
 + Level 2.3 Spellcasting
 + Level 2.6 Translocations


You had 4 spell levels left.
You knew the following spells:

 Your Spells              Type           Power        Failure   Level  Hunger
a - Gell's Gravitas       Tloc           ##........   22%         3    ###....

Your spell library contained the following spells:

 Spells                   Type           Power        Failure   Level  Hunger
 Blink                    Tloc           N/A          12%         2    ##.....
 Shroud of Golubria       Chrm/Tloc      #.........   21%         2    ##.....
 Lesser Beckoning         Tloc           ##........   22%         3    ###....
 Teleport Other           Tloc           ##......     22%         3    ###....
 Passage of Golubria      Tloc           N/A          58%         4    #####..


Dungeon Overview and Level Annotations

Branches:
Dungeon (2/15)


Innate Abilities, Weirdness & Mutations

You have an increased reservoir of magic. (+10% MP)


Message History

The gnoll closely misses you.
You barely miss the gnoll.
The gnoll is severely wounded.
The gnoll hits you with a +0 spear. The gnoll barely misses you.
You riposte.
You hit the gnoll.
The gnoll is lightly wounded.
You hit the gnoll but do no damage.
The gnoll is severely wounded.
The gnoll hits you with a +0 spear. The gnoll hits you with a +0 flail!
* * * LOW HITPOINT WARNING * * *
The gnoll hits you with a +0 spear.
* * * LOW HITPOINT WARNING * * *
The gnoll barely misses you. The gnoll closely misses you.
You riposte.
You barely miss the gnoll.
The gnoll is lightly wounded.
You hit the gnoll but do no damage.
The gnoll is lightly wounded.
The gnoll barely misses you. The gnoll hits you but does no damage.
The gnoll hits you from afar with a +0 spear.
You die...

#.....###..##########.#
#.#
........#####.†.......#
#.#
⌠.....⌠..#....#########
#.# ...8.....###### #..
_.###._.## ### ###
###### #.# #.# ########
#.# #.@....# #.#
#g####.# #### #.# #g#
#... #.######g### #.##
##.#.....g.$# #...
.#####.....###.#.#
##.## .........#.#
#.#.# ##..#
######.....# #.#.#
#...# ##.#### #....
##[.#


You could see 4 gnolls.

Vanquished Creatures
  An adder (D:2)
  An ooze (D:1)
  3 dart slugs
  4 leopard geckos
  2 ball pythons
  5 goblins
  6 hobgoblins
  10 jackals
  3 kobolds
  A quokka (D:2)
  4 bats
  8 frilled lizards
  28 rats
  A plant (D:1)
77 creatures vanquished.

Notes
Turn   | Place    | Note
-------+----------+-------------------------------------------
     0 | D:1      | Krzyffo the Demigod Warper began the quest for the Orb.
     0 | D:1      | Reached XP level 1. HP: 17/17 MP: 5/5
   130 | D:1      | Reached skill level 2 in Long Blades
   162 | D:1      | Reached skill level 1 in Throwing
   169 | D:1      | Reached XP level 2. HP: 12/24 MP: 7/7
   864 | D:1      | Reached XP level 3. HP: 27/29 MP: 9/9
   904 | D:1      | Reached skill level 1 in Armour
   925 | D:1      | Learned a level 3 spell: Gell's Gravitas
  2187 | D:2      | Reached XP level 4. HP: 35/36 MP: 10/10
  2320 | D:2      | Found a blossoming altar of Fedhas.
  2502 | D:2      | Found an ancient bone altar of Kikubaaqudgha.
  2502 | D:2      | Found a shimmering altar of Xom.
  2737 | D:2      | Reached skill level 3 in Long Blades
  2780 | D:2      | Slain by a gnoll

Skill      XL: |  1  2  3  4 |
---------------+-------------+-----
Spellcasting   | 2 |  2.3
Long Blades    | 2 3 |  3.0
Throwing       | 1 |  1.1
Armour         | 1 |  1.3
Fighting       | 2 |  2.2
Dodging        | 2 |  2.0
Stealth        | |  0.7
Translocations | |  2.6

Action                   |  1- 3 |  4- 6 || total
-------------------------+-------+-------++-------
Melee: Falchion          |   212 |    24 ||   236
  Use: Scroll            |     4 |       ||     4
 Stab: Sleeping          |     3 |     3 ||     6
       Distracted        |     1 |       ||     1
  Eat: Chunk             |     3 |     2 ||     5
Armor: Leather armour    |    34 |     5 ||    39
Dodge: Dodged            |   122 |    16 ||   138
       Rpst.: Falchion   |    42 |     5 ||    47
